 Dungeon Crawl Stone Soup version 0.30-a0-165-g1891117ce2 (webtiles) character file.

Game seed: 1198304580861884547

221 qw the Chopper (level 5, -3/33 HPs)
             Began as a Gargoyle Fighter on Sept 28, 2022.
             Slain by Duvessa
             ... wielding a +0 short sword of protection
              (4 damage)
             ... on level 4 of the Dungeon.
             The game lasted 00:01:16 (2829 turns).

qw the Chopper (Gargoyle Fighter)                   Turns: 2829, Time: 00:01:16

Health: -3/33      AC: 13    Str: 21    XL:     5   Next: 98%
Magic:  5/5        EV:  7    Int:  9    God:
Gold:   229        SH:  4    Dex:  9    Spells: 4/4 levels left

rFire   . . .      SeeInvis +    Y - +0 war axe
rCold   . . .      Faith    .    c - +0 buckler
rNeg    + + .      Spirit   .    n - +0 chain mail
rPois   inf        Reflect  .    (no helmet)
rElec   +          Harm     .    (no cloak)
rCorr   .          Rampage  .    (no gloves)
Will    .....                    (no boots)
Stlth   ..........               (no amulet)
HPRegen 0.11/turn                e - ring of positive energy
MPRegen 0.09/turn                q - ring of see invisible

@: no status effects
A: sickness immunity, AC +4, negative energy resistance 1, electricity
resistance, torment resistance 1, petrification resistance
a: no special abilities


You were on level 4 of the Dungeon.
You visited 1 branch of the dungeon, and saw 4 of its levels.

You collected 229 gold pieces.


Innate Abilities, Weirdness & Mutations

You are immune to sickness and miasma.
Your stone body is resilient. (AC +4)
You are immune to poison.
You resist negative energy. (rN+)
You are resistant to electric shocks. (rElec)
You are resistant to unholy torment.
You are immune to petrification.


   Skills:
 - Level 4.2 Fighting
 + Level 5.0 Axes
 - Level 3.2 Armour
 - Level 3.2 Shields


You had 4 spell levels left.
You didn't know any spells.
Your spell library was empty.

Inventory:

Hand Weapons
 j - a +0 mace
 Y - a +0 war axe (weapon)
Armour
 c - a +0 buckler (worn)
 n - a +0 chain mail (worn)
Jewellery
 e - a ring of positive energy (left hand)
 q - a ring of see invisible (right hand)
Scrolls
 a - a scroll of identify
Potions
 d - a potion of might
 f - a potion of attraction
 g - a potion of curing
 h - a potion of cancellation {unknown}
 i - a potion of degeneration {unknown}
 k - a potion of heal wounds {unknown}
 m - a potion of ambrosia {unknown}
 p - a potion of mutation {unknown}

Dungeon Overview and Level Annotations

Branches:
Dungeon (4/15)             Temple (0/1) D:4

Altars:

Annotations:
D:4 Dowan, Duvessa, Robin


Message History

You hear a shout! x3
The bullfrog hits you but does no damage. x2
Duvessa says, "Where magic fails, the sword succeeds!"
Dowan points at you and mumbles some strange words.
The puff of frost hits you.
A hobgoblin comes into view.
Robin of the Strong Arm comes into view.
They are wielding a +0 short sword.
You barely miss Duvessa. You slash the bullfrog! You miss Dowan.
The bullfrog hits you but does no damage.
Duvessa barely misses you. Dowan hits you but does no damage.
Robin roars a battlecry!
The goblins go into a battle-frenzy!
You block the bullfrog's attack.
You closely miss the bullfrog.
The bullfrog is heavily wounded.
You miss Dowan. You barely miss Duvessa. The bullfrog hits you.
You block Dowan's attack.
Duvessa hits you with a +0 short sword of protection.
An endoplasm comes into view.
A goblin comes into view. It is wielding a +0 dagger.
The bullfrog hits you.
A goblin comes into view. It is wielding a +0 club.
Dowan barely misses you.
Duvessa hits you with a +0 short sword of protection!
Robin laughs in a distinctly smug fashion.
You closely miss the bullfrog.
The bullfrog is moderately wounded.
You barely miss Duvessa. You closely miss Dowan.
The bullfrog closely misses you.
The bullfrog hits you but does no damage.
Duvessa hits you with a +0 short sword of protection.
Dowan hits you but does no damage.
You hit the bullfrog.
The bullfrog is heavily wounded.
You closely miss Dowan. You hit Duvessa but do no damage.
The bullfrog barely misses you.
Dowan gestures wildly while chanting.
Dowan blinks!
Duvessa hits you with a +0 short sword of protection.
You die...

###..# ##...# ..
##.## #...>## ..#
##.#####.....##
...#
##..##..###..##
....# ##....##
##..## ..g..#
#...## ##..#
.gJ.>.# ##..##
##..
.....gF####....#
##.
...ggge@KJ.....#
##
....g.e#S...###..#
# ##)...g#...##
#.# ##...###...#
#.# #.... ......#
.# #...#.....#....
# #
..###..>..###..#.
## .. .....# .##.
##. ....... ##..
##.#


You could see Duvessa, Dowan, a bullfrog (ally target), Robin, an endoplasm, a
hobgoblin (strong), 6 goblins, a friendly adder (summoned), a friendly endoplasm
(summoned) and a friendly kobold (summoned).

Vanquished Creatures
  A hound (D:4)
  Jessica (D:2)
  8 adders
  3 dart slugs (D:1)
  A worm (D:2)
  5 orcs (D:3)
  7 bats
  3 endoplasms
  8 giant cockroaches
  3 hobgoblins
  10 jackals
  6 kobolds
  3 quokkas
  5 ball pythons
  4 frilled lizards
  3 goblins
  5 rats
76 creatures vanquished.

Notes
Turn   | Place    | Note
-------+----------+-------------------------------------------
     0 | D:1      | qw the Gargoyle Fighter began the quest for the Orb.
     0 | D:1      | Reached XP level 1. HP: 14/14 MP: 1/1
     0 | D:1      | 0 ||| qw: Version: 0.2-a-12-gaebbb33
     0 | D:1      | 0 ||| qw: Game counter: 922
     0 | D:1      | 0 ||| qw: Always use a shield: true
     0 | D:1      | 0 ||| qw: God list: Okawaru
     0 | D:1      | 0 ||| qw: Allow faded altars: false
     0 | D:1      | 0 ||| qw: Do Orc after D:15 true
     0 | D:1      | 0 ||| qw: Do second Lair branch before Depths: true
     0 | D:1      | 0 ||| qw: Lair rune preference: random
     0 | D:1      | 0 ||| qw: Plans: Normal, Zot:1-4, God:TSO, Crypt, Tomb,
                  | Pan, Slime:5, Hells, Abyss, Orb
     0 | D:1      | 0 ||| PLANNING D:1-11
    18 | D:1      | 18 ||| Stepping ~*~*~tactically~*~*~ (hiding).
    27 | D:1      | Reached skill level 2 in Axes
   142 | D:1      | Reached XP level 2. HP: 19/19 MP: 2/2
   188 | D:1      | 188 ||| Stepping ~*~*~tactically~*~*~ (stealth).
   228 | D:1      | 228 ||| Stepping ~*~*~tactically~*~*~ (stealth).
   233 | D:1      | 233 ||| Stepping ~*~*~tactically~*~*~ (stealth).
   234 | D:1      | 234 ||| Stepping ~*~*~tactically~*~*~ (stealth).
   330 | D:1      | 330 ||| Stepping ~*~*~tactically~*~*~ (hiding).
   545 | D:1      | 545 ||| Stepping ~*~*~tactically~*~*~ (hiding).
   549 | D:1      | Reached skill level 3 in Axes
   559 | D:1      | Reached XP level 3. HP: 21/23 MP: 3/3
   616 | D:1      | 616 ||| Stepping ~*~*~tactically~*~*~ (stealth).
   617 | D:1      | 617 ||| Stepping ~*~*~tactically~*~*~ (stealth).
   725 | D:1      | Found a faded altar of an unknown god.
   829 | D:1      | 829 ||| DROPPING +0 club.
  1012 | D:1      | 1012 ||| READING scroll labelled BAIRON RIZXISO.
  1013 | D:1      | 1013 ||| DRINKING 2 murky orange potions.
  1159 | D:2      | 1159 ||| Stepping ~*~*~tactically~*~*~ (stealth).
  1167 | D:2      | Reached XP level 4. HP: 27/28 MP: 4/4
  1231 | D:2      | Reached skill level 4 in Axes
  1240 | D:2      | Identified the +1 leather armour of Disguise {rElec rPois
                  | Slay+2}
  1246 | D:2      | 1246 ||| DROPPING +1 leather armour of Disguise {rElec
                  | rPois Slay+2}.
  1247 | D:2      | 1247 ||| UPGRADING to ring of positive energy.
  1250 | D:2      | 1250 ||| READING 2 scrolls of identify.
  1250 | D:2      | 1250 ||| IDENTIFYING black potion
  1251 | D:2      | 1251 ||| Stepping randomly (stuck).
  1353 | D:2      | Noticed Jessica
  1363 | D:2      | Killed Jessica
  1564 | D:2      | Reached XP level 5. HP: 27/32 MP: 5/5
  1681 | D:2      | 1681 ||| UPGRADING to +0 chain mail.
  1691 | D:2      | 1691 ||| DROPPING +0 scale mail.
  1692 | D:2      | 1692 ||| DRINKING 2 sapphire potions.
  1693 | D:2      | 1693 ||| DROPPING potion of brilliance.
  2002 | D:3      | Reached skill level 5 in Axes
  2002 | D:3      | 2002 ||| Stepping ~*~*~tactically~*~*~ (stealth).
  2004 | D:3      | 2004 ||| Stepping ~*~*~tactically~*~*~ (stealth).
  2060 | D:3      | 2060 ||| FLEEEEING.
  2064 | D:3      | 2064 ||| FLEEEEING.
  2538 | D:3      | 2538 ||| DROPPING ring of wizardry.
  2539 | D:3      | 2539 ||| UPGRADING to ring of see invisible.
  2540 | D:3      | 2540 ||| DROPPING +6 ring of intelligence.
  2541 | D:3      | 2541 ||| READING 2 scrolls labelled KOCSUT JODAMI.
  2542 | D:3      | 2542 ||| READING scroll labelled OLOMOI YFOJ.
  2543 | D:3      | 2543 ||| DROPPING scroll of fear.
  2816 | D:4      | Found a staircase to the Ecumenical Temple.
  2817 | D:4      | 2817 ||| PLANNING TEMPLE
  2817 | D:4      | 2817 ||| READING scroll labelled JULOZ VIATAC.
  2822 | D:4      | Noticed Dowan
  2824 | D:4      | Noticed Duvessa
  2825 | D:4      | Noticed Robin
  2827 | D:4      | HP: 6/33 [Duvessa/+0 short sword of protection (7)]
  2828 | D:4      | HP: 1/33 [Duvessa/+0 short sword of protection (6)]
  2829 | D:4      | Slain by Duvessa

Levels and vault maps discovered:
D:1:      doesnt_arrival_eight_statues, layout_loops_ring,
          chequers_ecumenical_altar_grove
D:2:      layout_rooms, serial_aquarium, aquarium_bridge_long_joined
          [aquarium_subvault_bridge, aquarium_subvault_bridge,
          aquarium_subvault_balcony, aquarium_subvault_bridge,
          aquarium_subvault_wall, aquarium_subvault_window], aquarium_window_1,
          aquarium_window_2, aquarium_window_3, aquarium_window_2,
          aquarium_view_4, amethyst_killhole, uniq_jessica
D:3:      cheibrodos_old_hovel, layout_basic
D:4:      layout_layer_cave, minmay_temple_entry_tees, uniq_robin, uniq_sigmund,
          uniq_duvessa

Skill      XL: |  1  2  3  4  5 |
---------------+----------------+-----
Axes           | 2 3 4 5 |  5.0
Fighting       | 4 |  4.2
Armour         | |  3.2
Shields        | |  3.2

Action                   |  1- 3 |  4- 6 || total
-------------------------+-------+-------++-------
Melee: War axe           |    95 |   138 ||   233
  Use: Scroll            |     1 |     4 ||     5
       Potion            |     1 |     1 ||     2
Armor: Scale mail        |    49 |    18 ||    67
       Chain mail        |       |    69 ||    69
Dodge: Dodged            |    45 |    48 ||    93
Block: Buckler           |    10 |    21 ||    31

Table legend:
 A = Non-vault XP
 B = Vault XP
 C = Vault XP percentage of total XP
 D = Non-vault monster count
 E = Vault monster count
 F = Vault count percentage of total count
                 A         B        C        D         E       F
            +---------+---------+-------+---------+---------+-------
      Total |     266 |      50 |  15.8 |      74 |       2 |   2.6
            +---------+---------+-------+---------+---------+-------
        D:1 |      66 |       0 |   0.0 |      34 |       0 |   0.0
        D:2 |      73 |      37 |  33.6 |      15 |       1 |   6.2
        D:3 |      76 |      13 |  14.6 |      21 |       1 |   4.5
        D:4 |      51 |       0 |   0.0 |       4 |       0 |   0.0
            +---------+---------+-------+---------+---------+-------
